 Dungeon Crawl Stone Soup version 0.20-a0-723-gf57855b (webtiles) character file.

47 Magnus the Slasher (level 3, -3/27 HPs)
             Began as a Mummy Skald on Feb 22, 2017.
             Slain by a worm (8 damage)
             ... on level 2 of the Dungeon.
             The game lasted 00:03:33 (1812 turns).

Magnus the Slasher (Mummy Skald)                    Turns: 1812, Time: 00:03:33

Health: -3/27      AC:  3    Str: 14    XL:     3   Next: 48%
Magic:  1/7        EV: 11    Int: 12    God:
Gold:   110        SH:  0    Dex: 12    Spells: 6/7 levels left

rFire    x . .     SeeInvis .   a - +0 falchion
rCold    + . .     Gourm    .   b - +0 leather armour
rNeg     + + +     Faith    .   (no shield)
rPois    ∞         Spirit   .   (no helmet)
rElec    .         Reflect  .   (no cloak)
rCorr    .         Harm     .   (no gloves)
MR       .....                  (no boots)
Stlth    +.........             (no amulet)
Regen    0.1/turn               (no ring)
MPRegen  0.1/turn               (no ring)

@: infused (expiring), very slightly contaminated
A: no food or potions, fire vulnerability, cold resistance 1, negative energy
resistance 3, torment resistance, unbreathing
a: no special abilities


You were on level 2 of the Dungeon.
You were not hungry.

You visited 1 branch of the dungeon, and saw 2 of its levels.

You collected 110 gold pieces.

Inventory:

Hand Weapons
 a - a +0 falchion (weapon)
Armour
 b - a +0 leather armour (worn)
Jewellery
 h - a +4 amulet of reflection {unknown}
Scrolls
 d - a scroll of teleportation {unknown}
 e - a scroll of identify {unknown}
 f - a scroll of immolation {unknown}
 g - a scroll of enchant weapon {unknown}
Books
 c - a book of Battle

   Spells                             Type                      Level
   a - Infusion                       Charms                       1
   b - Shroud of Golubria             Charms/Translocation         2
   c - Song of Slaying                Charms                       2
   d - Spectral Weapon                Hexes/Charms                 3
   e - Regeneration                   Charms/Necromancy            3


   Skills:
 - Level 2.0 Fighting
 + Level 3.2 Long Blades
 - Level 0.7 Armour
 - Level 1.5 Dodging
 - Level 2.6 Spellcasting
 - Level 2.4 Charms


You had 6 spell levels left.
You knew the following spells:

 Your Spells              Type           Power        Failure   Level  Hunger
a - Infusion              Chrm           #...         14%         1    N/A

Dungeon Overview and Level Annotations

Branches:
Dungeon (2/15)

Altars:


Innate Abilities, Weirdness & Mutations

You do not eat or drink.
Your flesh is vulnerable to fire.
You are immune to poison.
Your flesh is cold resistant. (rC+)
You are immune to negative energy. (rN+++)
You are immune to unholy pain and torment.
You can survive without breathing.


Message History

Casting: Infusion
Confirm with . or Enter, or press ? or * to list all spells.
You begin infusing your attacks with magical energy.
You hit the worm.
The worm is lightly wounded.
The worm bites you!
You are too injured to fight recklessly!
You are too injured to fight recklessly!
You are too injured to fight recklessly!
You hit the worm.
The worm is heavily wounded.
Your magical infusion is running out.
You hit the worm.
The worm is heavily wounded.
The worm bites you.
* * * LOW HITPOINT WARNING * * *
You slash the worm!
The worm is almost dead.
The worm bites you!
You die...

.....###.# #.....##.#
.##..# #.# ###
#.....##.# ##..## #.#
... #...>.##.# ##.##
#.# .. #.....##.# ##.#
#.. .? ####..##.# #
#..# #. #. #
##.##.##### ..# ##. #..
#.##..##). .##
#.##.w###..###.###..#.#
)#
#.....@.##.....####..[#
.#
####.##).####...###...#
.## # ##..#####.....#..
..# ##...##..######.
..# ###.##...# #. ..#
#......## #< ..# ##.
#.......#...#####
..###### #..
###..#####...#...###
)......###.##)..
###.###....


You could see a worm.

Vanquished Creatures
  An adder (D:1)
  A worm (D:2)
  A dart slug (D:2)
  A leopard gecko (D:2)
  3 giant cockroaches
  3 goblins
  6 hobgoblins
  A quokka (D:2)
  A ball python (D:1)
  6 bats
  A frilled lizard (D:2)
  3 kobolds
  3 rats
31 creatures vanquished.

Notes
Turn   | Place    | Note
-------+----------+-------------------------------------------
     0 | D:1      | Magnus the Mummy Skald began the quest for the Orb.
     0 | D:1      | Reached XP level 1. HP: 16/16 MP: 4/4
   144 | D:1      | Reached skill level 2 in Long Blades
   477 | D:1      | Reached XP level 2. HP: 15/22 MP: 5/5
  1070 | D:2      | Reached XP level 3. HP: 22/27 MP: 7/7
  1360 | D:2      | Reached skill level 3 in Long Blades
  1812 | D:2      | Slain by a worm

Vault maps used:
D:1:      dpeg_arrival_pond, minmay_misc_feat_diagonals

Skill      XL: |  1  2  3 |
---------------+----------+-----
Long Blades    | 2 3 |  3.2
Fighting       | |  2.0
Armour         | |  0.7
Dodging        | |  1.5
Spellcasting   | |  2.6
Charms         | |  2.4

Action                   || total
-------------------------++-------
Melee: Falchion          ||   108
 Cast: Infusion          ||     2
Armor: Leather armour    ||    28
Dodge: Dodged            ||    65
       Rpst.: Falchion   ||    29
